 Dungeon Crawl Stone Soup version 0.30.0-19-g36f170ea60 (webtiles) character file.

Game seed: 1838310495550855600

145 evanesce the Cudgeller (level 5, -1/47 HPs)
             Began as a Meteoran Cinder Acolyte on May 29, 2023.
             Was a High Priest of Ignis.
             Slain by a goblin
             ... wielding a +0 dagger
             ... led by Robin
              (5 damage)
             ... on level 3 of the Dungeon.
             The game lasted 00:05:06 (773 turns).

evanesce the Cudgeller (Meteoran Cinder Acolyte)     Turns: 773, Time: 00:05:07

Health: -1/47      AC:  2    Str: 17    XL:     5   Next: 83%
Magic:  3/8        EV: 11    Int: 16    God:    Ignis [*****.]
Gold:   107        SH:  0    Dex:  9    Spells: 4/6 levels left

rFire   + . .        a - -1 mace (flame)
rCold   . . .        (no shield)
rNeg    . . .        b - +0 robe
rPois   .            (no helmet)
rElec   .            (no cloak)
rCorr   .            (no gloves)
SInv    .            (no boots)
Will    .....        (no amulet)
Stlth   +            (no ring)
HPRegen 0.27/turn    (no ring)
MPRegen 0.11/turn

%: no passive effects
@: glowing
A: sense surroundings 1, otherworldly, glowing, explore regen
a: Renounce Religion, Fiery Armour, Foxfire Swarm, Rising Flame


You were on level 3 of the Dungeon.
You worshipped Ignis.
Ignis was extremely pleased with you.
You visited 1 branch of the dungeon, and saw 3 of its levels.

You collected 107 gold pieces.

Inventory:

Hand Weapons
 a - a -1 mace of flaming (weapon)
 l - a +0 sling
Armour
 b - a +0 robe (worn)
Wands
 m - a wand of flame (12)
Scrolls
 d - a scroll of enchant armour {unknown}
 e - 2 scrolls of poison {unknown}
 g - a scroll of identify {unknown}
 h - a scroll of torment {unknown}
 k - a scroll of teleportation {unknown}
Potions
 c - a potion of haste {unknown}
 i - a potion of mutation {unknown}
 j - a potion of flight {unknown}


   Skills:
 + Level 4.7 Fighting
 + Level 5.9 Maces & Flails
 + Level 1.0 Armour
 + Level 1.0 Dodging
 - Level 1.3 Spellcasting
 - Level 3.7 Fire Magic


You had 4 spell levels left.
You knew the following spells:

 Your Spells              Type           Power      Damage    Failure   Level
a - Scorch                Fire           26%        2d6       7%          2

Your spell library contained the following spells:

 Spells                   Type           Power      Damage    Failure   Level


Dungeon Overview and Level Annotations

Branches:
Dungeon (3/15) Zot: 1008

Altars:
Gozag

Annotations:
D:3 Robin


Innate Abilities, Weirdness & Mutations

You passively map a small area around you.
You are easily found by Zot.
You glow in the dark.
You regain HP and MP as you explore.


Message History

Robin hits you with a +2 spectral club.
You sock Robin! You burn Robin.
Robin is severely wounded.
Robin throws the goblin at you!
You barely miss Robin.
Robin is severely wounded.
The goblin hits you with a +0 dagger. Robin barely misses you.
You barely miss Robin.
Robin is severely wounded.
The goblin hits you with a +0 dagger. Robin misses you.
Casting: Scorch (safe; 7% risk of failure)
Confirm with . or Enter, or press ? or * to list all spells.
Flames lash the hobgoblin.
The hobgoblin is almost dead.
The hobgoblin's fire resistance burns away.
The goblin hits you with a +0 dagger. Robin hits you but does no damage.
Casting: Scorch (safe; 7% risk of failure)
Confirm with . or Enter, or press ? or * to list all spells.
Flames lash the hobgoblin.
You kill the hobgoblin!
The goblin hits you with a +0 dagger.
* * * LOW HITPOINT WARNING * * *
Robin hits you with a +2 spectral club.
* * * LOW HITPOINT WARNING * * *
You feel better. The goblin hits you with a +0 dagger.
* * * LOW HITPOINT WARNING * * *
Robin hits you with a +2 spectral club!
* * * LOW HITPOINT WARNING * * *
You barely miss Robin.
Robin is severely wounded.
Robin hits you with a +2 spectral club.
* * * LOW HITPOINT WARNING * * *
The goblin hits you but does no damage. The goblin misses you.
Robin barely misses you.
You hit Robin but do no damage.
Robin is severely wounded.
The hobgoblin is no longer more vulnerable to fire.
The hobgoblin no longer looks unusually strong.
The goblin hits you with a +0 dagger.
You die...

..........##...###.#
................##.#
........#.......##.#
........#.......##.###
........###>.....)...#
* # ........#
##...###.#.#*, ..*
........# #.......#.#*
... ....#####
#...#####.# ....
#...g@gg#.# .....
#...###.#.##gg....
#...# #...gggg....
#...# ###.##...... *
#...# #...,..... #...#
####..g... * #...#
g..g. #...* , .... * *
* . .


You could see Robin, a hobgoblin and a goblin (strong).

Vanquished Creatures
  A bullfrog (D:3)
  Ijyb (D:3)
  2 adders (D:3)
  An endoplasm (D:1)
  7 goblins
  11 hobgoblins
  4 jackals (D:1)
  A quokka (D:1)
  2 bats (D:1)
  A frilled lizard (D:1)
  A kobold (D:2)
  7 rats
39 creatures vanquished.

Notes
Turn   | Place    | Note
-------+----------+-------------------------------------------
     0 | D:1      | evanesce the Meteoran Cinder Acolyte began the quest for
                  | the Orb.
     0 | D:1      | Reached XP level 1. HP: 19/19 MP: 3/3
   132 | D:1      | Reached XP level 2. HP: 20/26 MP: 5/5
   435 | D:1      | Learned a level 2 spell: Scorch
   456 | D:1      | Reached XP level 3. HP: 32/33 MP: 1/6
   489 | D:1      | Glimpsed the power of Zot.
   507 | D:2      | Found an opulent altar of Gozag.
   595 | D:3      | Reached skill level 5 in Maces & Flails
   654 | D:3      | Noticed a bullfrog
   662 | D:3      | Killed a bullfrog
   663 | D:3      | Reached XP level 4. HP: 20/41 MP: 5/7
   663 | D:3      | Reached XP level 5. HP: 23/47 MP: 5/8
   702 | D:3      | Noticed Ijyb
   719 | D:3      | Killed Ijyb
   737 | D:3      | Noticed Robin
   760 | D:3      | Reached skill level 1 in Armour
   760 | D:3      | Reached skill level 1 in Dodging
   773 | D:3      | Slain by a goblin

Illustrated notes

Levels and vault maps discovered:
D:1:      dpeg_arrival_stone_temple_mockup, layout_loops_corners
D:2:      layout_basic, basic_altar, minmay_pentomino_q2
D:3:      layout_basic, uniq_ijyb, uniq_robin

Skill      XL: |  1  2  3  4  5 |
---------------+----------------+-----
Maces & Flails | 5 |  5.9
Fighting       | 4 |  4.7
Armour         | 1 |  1.0
Dodging        | 1 |  1.0
Spellcasting   | |  1.3
Fire Magic     | |  3.7

Action                     |  1- 3 |  4- 6 || total
---------------------------+-------+-------++-------
  Melee: Mace              |    84 |    40 ||   124
         Punch             |       |     1 ||     1
   Cast: Scorch            |     1 |     8 ||     9
    Use: Potion            |       |     1 ||     1
 Armour: Robe              |    25 |     6 ||    31
  Dodge: Dodged            |    50 |    17 ||    67
